[Event "*** Titled Tuesday 3|2 Blitz"]
[Site "Chess.com"]
[Date "2016.01.05"]
[Round "7"]
[White "GrigorGrigorov"]
[Black "Malev212"]
[Result "1-0"]
[WhiteElo "2516"]
[BlackElo "2303"]
[TimeControl "180+2"]
[EndTime "18:31:44 PST"]
[Termination "GrigorGrigorov won by resignation"]

1. d4 Nf6 2. c4 b6 3. Nf3 Bb7 4. e3 e6 5. Nc3 d5 6. Bd3 Bd6 7. O-O O-O 8. cxd5 exd5 9. b3 a6 10. Bb2 Nbd7 11. Rc1 Qe7 12. Ne2 g6 13. Qc2 Rac8 14.
Ng3 Ne4 15. Qe2 Ra8 16. Rc2 f5 17. Rfc1 c6 18. Re1 a5 19. Nd2 Rae8 20. Ndf1 Qh4 21. a3 Ndf6 22. Qd1 Ng4 23. Bxe4 fxe4 24. Ree2 Rf6 25. h3 Nh6 26. Re1 Ref8 27. Qc1 Bb8 28. Qd1 Ba6 29. Rd2 Bc8 30. b4 axb4 31. axb4 Bxh3 32.
gxh3 Qxh3 33. f4 Ng4 34. Rg2 h5 35. Qe2 b5 36. Nh1 g5 37. Nf2 Nxf2 38. Rxg5+ Kh7 39. Rxh5+ Kg6 40. Rxh3 Nxh3+ 41. Kg2 Rxf4 42. Kxh3 Rh8+ 43. Kg2 Rf5 44. Qg4+ Rg5 45. Qxg5+ Kxg5 46. Rc1 Rh6 47. Bc3 Bd6 48. Be1 Be7 49. Ng3 Kg4 50. Ne2 Bg5 51.
Bf2 Rf6 52. Ra1 Rf3 53. Ng1 Rf6 54. Ra8 Rg6 55. Rf8 Be7 56. Rf4+ Kh5+ 57. Bg3 Bxb4 58. Nh3 Kh6 59. Rf7 Bd6 60. Nf4 Bxf4 61. Rxf4 Kg7 62. Rf2 Kg8 63. Kh3 Rg7 64. Rf6 Rb7 65. Rxc6 b4 66. Rc2 b3 67. Rb2 Kf7 68. Kg4 Ke6 69.
Be5 Kd7 70. Kf5 Kc6 71. Ke6 Rb4 72. Bd6 Rb6 73. Bc5 Rb8 74. Ba3 Re8+ 75. Kf7 Rb8 76. Ke7 Rb7+ 77. Ke6 Rb8 78. Rg2 Re8+ 79. Kf7 Ra8 80. Bb2 Kb5 81. Ke6 Kc4 82. Rg7 Ra2 83. Rc7+ Kd3 84. Rc3+ Kd2 85. Rxb3 Kc2 86. Rb5 1-0

[Event "*** Titled Tuesday 3|2 Blitz"]
[Site "Chess.com"]
[Date "2016.01.05"]
[Round "8"]
[White "StellarChessPro"]
[Black "UltimateCrusher2"]
[Result "1-0"]
[WhiteElo "2242"]
[BlackElo "2036"]
[TimeControl "180+2"]
[EndTime "18:34:42 PST"]
[Termination "StellarChessPro won by resignation"]

1. d4 g6 2. e4 b6 3. Nf3 Bb7 4.
Nc3 Bg7 5. Bc4 e6 6. h4 h6 7. Qe2 d6 8. h5 g5 9. e5 Ne7 10. exd6 cxd6 11. Bd2 Nd7 12. Nb5 Nf6 13. O-O-O a6 14. Nc3 O-O 15. Nxg5 hxg5 16. h6 Bh8 17.
h7+ Kg7 18. Bxg5 Ng6 19. Bh6+ Kxh7 20. Bxf8+ Kg8 21. Bh6 b5 22. Bxe6 1-0

[Event "*** Titled Tuesday 3|2 Blitz"]
[Site "Chess.com"]
[Date "2016.01.05"]
[Round "8"]
[White "Cecile_Haussernot"]
[Black "Jahonas"]
[Result "1-0"]
[WhiteElo "2188"]
[BlackElo "2098"]
[TimeControl "180+2"]
[EndTime "18:34:58 PST"]
[Termination "Cecile_Haussernot won by resignation"]

1. e4 c5 2. Nf3 Nc6 3. d4 cxd4 4. Nxd4 e6 5. Nc3 a6 6. Nxc6 dxc6 7. Qf3 Qf6 8. Qg3 Bb4 9. Bd2 Ne7 10. Bd3 Ng6 11.
h4 e5 12. O-O-O Be6 13. Bg5 Nf4 14. Bxf6 gxf6 15. Ne2 1-0

[Event "*** Titled Tuesday 3|2 Blitz"]
[Site "Chess.com"]
[Date "2016.01.05"]
[Round "8"]
[White "pedromartinez91"]
[Black "oskariot"]
[Result "1-0"]
[WhiteElo "2103"]
[BlackElo "2309"]
[TimeControl "180+2"]
[EndTime "18:35:16 PST"]
[Termination "pedromartinez91 won by resignation"]

1. e4 c5 2. Nf3 d6 3. Bb5+ Nc6 4. O-O Bd7 5. Re1 Nf6 6. c3 a6 7. Bf1 Bg4 8. d4 cxd4 9. cxd4 Bxf3 10. gxf3 e5 11. d5 Ne7 12. Qb3 Qd7 13. Nc3 Ng6 14. Na4 Rb8 15. Nb6 Qd8 16. Qa4+ Nd7 17. Bh3 1-0

[Event "*** Titled Tuesday 3|2 Blitz"]
[Site "Chess.com"]
[Date "2016.01.05"]
[Round "8"]
[White "Assasin14"]
[Black "DanielNaroditsky"]
[Result "0-1"]
[WhiteElo "1999"]
[BlackElo "2549"]
[TimeControl "180+2"]
[EndTime "18:35:41 PST"]
[Termination "DanielNaroditsky won by checkmate"]

1. e4 e6 2. d4 d5 3. Nc3 Nf6 4. e5 Nfd7 5. f4 c5 6. Nf3 Nc6 7. Be3 Be7 8. Qd2 O-O 9. O-O-O c4 10. g4 b5 11. Nxb5 Rb8 12. Nd6 Bxd6 13. exd6 Nf6 14. Rg1 Ne4 15. Qg2 c3 16. b3 Qa5 17. a4 Qb4 18.
Re1 Qa3+ 19. Kd1 Qa1+ 20. Ke2 Ba6# 0-1

[Event "*** Titled Tuesday 3|2 Blitz"]
[Site "Chess.com"]
[Date "2016.01.05"]
[Round "8"]
[White "tigra"]
[Black "Silent_Terror"]
[Result "1-0"]
[WhiteElo "2330"]
[BlackElo "2482"]
[TimeControl "180+2"]
[EndTime "18:36:46 PST"]
[Termination "tigra won by resignation"]

1. e4 e6 2. d4 d5 3. Nc3 Bb4 4. e5 c5 5. a3 Bxc3+ 6. bxc3 Qc7 7. Qg4 f5 8. Qg3 Nc6 9. Ne2 Kf7 10. h4 Nge7 11.
h5 Bd7 12. h6 g6 13. Qh4 Raf8 14. Rh3 Ke8 15. a4 cxd4 16. cxd4 Nb4 17. Rc3 Qa5 18. Bd2 Bxa4 19. Rc5 b5 20. Rb1 Bxc2 21. Bxb4 Qa2 22. Qxe7+ Kxe7 23. Rxc2+ Kd7 24. Rxa2 1-0

[Event "*** Titled Tuesday 3|2 Blitz"]
[Site "Chess.com"]
[Date "2016.01.05"]
[Round "8"]
[White "RitchieBlackmore"]
[Black "alex_zapata"]
[Result "1-0"]
[WhiteElo "2475"]
[BlackElo "2203"]
[TimeControl "180+2"]
[EndTime "18:37:23 PST"]
[Termination "RitchieBlackmore won by resignation"]

1. d4 d5 2. Nf3 Nf6 3. Bg5 Ne4 4. Bf4 c5 5. e3 Nc6 6. c3 Bg4 7. h3 Bxf3 8. gxf3 Nf6 9. Nd2 e6 10. Rg1 Nh5 11. Bg5 Qb6 12. f4 g6 13. Be2 Qxb2 14.
Bxh5 gxh5 15. Bf6 Qxc3 16. Bxh8 cxd4 17. exd4 Bb4 18. Rg8+ Bf8 19. Bg7 O-O-O 20. Rxf8 Rxf8 21. Bxf8 Kd7 22. Rb1 b6 23. Qxh5 Nxd4 24. Qxf7+ Kc6 25. Bb4 Qd3 26. Qe8+ Kb7 27. Qd7+ Ka6 28. Qc8+ Kb5 29. Bc3+ 1-0

[Event "*** Titled Tuesday 3|2 Blitz"]
[Site "Chess.com"]
[Date "2016.01.05"]
[Round "8"]
[White "JusticeBot"]
[Black "cheese111"]
[Result "0-1"]
[WhiteElo "2451"]
[BlackElo "2280"]
[TimeControl "180+2"]
[EndTime "18:37:24 PST"]
[Termination "cheese111 won by checkmate"]

1. e4 e5 2. Nf3 Nc6 3. Bc4 Nf6 4. d3 Be7 5. O-O O-O 6. c3 d5 7. exd5 Nxd5 8. Re1 Bg4 9. h3 Bh5 10. g4 Bg6 11. Nxe5 Nxe5 12. Rxe5 c6 13. d4 Bd6 14.
Re1 Qh4 15. Qf3 Rae8 16. Rxe8 Rxe8 17. Nd2 Re1+ 18. Bf1 Nf4 19. Nc4 Nxh3+ 20. Kg2 Be4 21. Be3 Rxe3 22. Nxe3 Qxf2+ 23. Kxh3 Qh2# 0-1

[Event "*** Titled Tuesday 3|2 Blitz"]
[Site "Chess.com"]
[Date "2016.01.05"]
[Round "8"]
[White "jlandaw"]
[Black "zanbato17"]
[Result "1-0"]
[WhiteElo "2351"]
[BlackElo "2245"]
[TimeControl "180+2"]
[EndTime "18:37:47 PST"]
[Termination "jlandaw won by resignation"]

1. e4 d5 2. exd5 Qxd5 3. Nc3 Qa5 4. Bc4 c6 5. Nf3 Bf5 6. O-O e6 7. d4 Nf6 8. Bf4 Bb4 9. Ne2 O-O 10. c3 Be7 11.
Ng3 Bg6 12. Ne5 Nbd7 13. Nxg6 hxg6 14. Qe2 Nd5 15. Bd2 Qc7 16. Ne4 N7f6 17. Ng5 Qd6 18. Bb3 Nh5 19. g3 a5 20. Rae1 a4 21. Bc2 b5 22. Nxf7 Kxf7 23. Qg4 Ndf6 24. Bxg6+ Kg8 25. Qh3 Rae8 26. Re5 Rd8 27. Rxh5 Nxh5 28. Qxh5 1-0

[Event "*** Titled Tuesday 3|2 Blitz"]
[Site "Chess.com"]
[Date "2016.01.05"]
[Round "8"]
[White "LePatronn"]
[Black "HansCoolNiemann"]
[Result "0-1"]
[WhiteElo "1845"]
[BlackElo "2234"]
[TimeControl "180+2"]
[EndTime "18:38:04 PST"]
[Termination "HansCoolNiemann won by resignation"]

1. e4 e6 2. d4 d5 3. Nc3 Nf6 4. Bg5 dxe4 5. Nxe4 Be7 6. Bxf6 gxf6 7. Nf3 f5 8. Ned2 c5 9. dxc5 Bxc5 10. Nb3 Bb6 11.
Qe2 Nc6 12. Rd1 Qf6 13. c3 Bd7 14. Nfd4 Nxd4 15. Nxd4 Bxd4 16. Rxd4 Bc6 17. Qd2 O-O 18. h4 Rad8 19. Rxd8 Rxd8 20. Qe3 f4 21. Qc5 Rd5 22. Qxa7 Re5+ 23. Kd2 Qd8+ 24. Kc2 Re1 25. Qd4 Qxd4 26. cxd4 Bb5 27. Bxb5 Rxh1 28. Kd3 f5 29. Bd7 Kf7 30. Bc8 b6 31. Kc4 Rf1 32. b4 Rxf2 33. Kb5 Rxa2 34. Kxb6 Rxg2 35. Kc5 Rc2+ 0-1

[Event "*** Titled Tuesday 3|2 Blitz"]
[Site "Chess.com"]
[Date "2016.01.05"]
[Round "8"]
[White "Smirnov_Pavel"]
[Black "LyonBeast"]
[Result "1/2-1/2"]
[WhiteElo "2381"]
[BlackElo "2757"]
[TimeControl "180+2"]
[EndTime "18:38:44 PST"]
[Termination "Game drawn by repetition"]

1. d4 Nf6 2. c4 g6 3. Nc3 d5 4. Bg5 Ne4 5. Bh4 Nxc3 6. bxc3 dxc4 7. e3 Be6 8. Be2 Bg7 9. Nh3 O-O 10. Nf4 Bc8 11. Bxc4 Qd6 12. O-O Nd7 13. Bb3 e5 14. Nd3 b6 15. f4 exd4 16. cxd4 Ba6 17. Re1 Bxd3 18. Qxd3 Nc5 19. Qc4 Nxb3 20. axb3 Rfe8 21. Bf2 a5 22. Rec1 Rac8 23. Qc6 Qb4 24. Qc4 c5 25. Qxb4 axb4 26. Kf1 f5 27. Ra6 cxd4 28. Rxc8 Rxc8 29. exd4 Rc3 30. Rxb6 Rxb3 31. Rb8+ Kf7 32.
Rb7+ Kg8 33. Rb8+ Bf8 34. d5 Kf7 35. Rb7+ Ke8 36. Rb8+ Kf7 37. Rb7+ Ke8 38. Rb8+ Kf7 39. Rb7+ Ke8 40. Rb8+ 1/2-1/2

[Event "*** Titled Tuesday 3|2 Blitz"]
[Site "Chess.com"]
[Date "2016.01.05"]
[Round "8"]
[White "FairChess_on_YouTube"]
[Black "GrigorGrigorov"]
[Result "1-0"]
[WhiteElo "2746"]
[BlackElo "2513"]
[TimeControl "180+2"]
[EndTime "18:39:04 PST"]
[Termination "FairChess_on_YouTube won by resignation"]

1. d4 Nf6 2. Bg5 Ne4 3. Bf4 c5 4. f3 Nf6 5. dxc5 b6 6. e4 bxc5 7. Bb5 Qb6 8. Nc3 a6 9. Ba4 Qxb2 10. Nge2 Qb6 11. Rb1 Qa7 12. O-O Nc6 13. Bxc6 dxc6 14. Qd2 Be6 15. Rfd1 g6 16. Na4 Nd7 17. Qc3 f6 18.
Be3 Kf7 19. Nf4 Bxa2 20. Rb2 e5 21. Nxg6 hxg6 22. Rxa2 Be7 23. Qc4+ Ke8 24. Qe6 Qc7 25. Nxc5 Nxc5 26. Bxc5 Rd8 27. Raa1 Kf8 28. Qxf6+ 1-0

[Event "*** Titled Tuesday 3|2 Blitz"]
[Site "Chess.com"]
[Date "2016.01.05"]
[Round "8"]
[White "Recombinant"]
[Black "TheMagician"]
[Result "0-1"]
[WhiteElo "2168"]
[BlackElo "2158"]
[TimeControl "180+2"]
[EndTime "18:39:24 PST"]
[Termination "TheMagician won by resignation"]

1. d4 Nf6 2. c4 e6 3. Nc3 Bb4 4. e3 c5 5. Bd3 d5 6. a3 Ba5 7.
Nf3 dxc4 8. Bxc4 cxd4 9. exd4 a6 10. O-O b5 11. Be2 Bb7 12. Ne5 Nbd7 13. Bf3 Nxe5 14.
Bxb7 Bxc3 15. bxc3 Nc4 16. Bc6+ Ke7 17. Bxa8 Qxa8 18.
a4 Qb7 19. axb5 axb5 20. Bf4 Nd5 21. Qf3 Rc8 22. Bg3 Nd2 23. Bh4+ f6 24. Qg4 Kf7 25.
Rfd1 Nb3 26. Ra3 Rxc3 27. Re1 Nc7 28. Qh5+ Kf8 29. Qxh7 Rc1 30. Rxc1 Nxc1 31. Qh8+ Kf7 32. Rg3 Ne8 33. Bxf6 Ne2+ 34. Kh1 Nxg3+ 35. hxg3 Nxf6 0-1

[Event "*** Titled Tuesday 3|2 Blitz"]
[Site "Chess.com"]
[Date "2016.01.05"]
[Round "8"]
[White "chesstatour"]
[Black "ChessChronicles123"]
[Result "1-0"]
[WhiteElo "1923"]
[BlackElo "1700"]
[TimeControl "180+2"]
[EndTime "18:39:24 PST"]
[Termination "chesstatour won by resignation"]

1. c4 e5 2. Nc3 Nf6 3. Nf3 Nc6 4. d4 exd4 5. Nxd4 Bc5 6. Nb3 Bb4 7. g3 Ne4 8. Qc2 Nxc3 9. bxc3 Bd6 10. Bg2 O-O 11. O-O b6 12. Nd4 Bb7 13. Nb5 Qe7 14.
Nxd6 Qxd6 15. Rd1 Qc5 16. Rxd7 Rac8 17. Bd5 Ne5 18. Be3 Qa5 19. Bxb7 Nxd7 20. Bxc8 Rxc8 21. Rd1 Ne5 22. c5 Nc4 23. Qf5 Rf8 24. Bd4 bxc5 25. Bxc5 Nd6 26. Qd5 Rd8 27. Bxd6 cxd6 28.
Qxa5 1-0

[Event "*** Titled Tuesday 3|2 Blitz"]
[Site "Chess.com"]
[Date "2016.01.05"]
[Round "8"]
[White "chessdude"]
[Black "Fibrinogen"]
[Result "1-0"]
[WhiteElo "2359"]
[BlackElo "2210"]
[TimeControl "180+2"]
[EndTime "18:39:37 PST"]
[Termination "chessdude won by resignation"]

1. e4 e5 2. Nf3 Nc6 3. Bc4 Bc5 4. c3 Nf6 5. d3 d6 6. Nbd2 O-O 7. Nf1 Ne7 8. Ng3 Ng6 9. O-O a6 10. d4 Ba7 11. h3 b5 12. Bb3 h6 13. a4 Bd7 14.
Re1 c5 15. axb5 axb5 16. Ra6 Bc8 17. Ra3 c4 18. Bc2 exd4 19. cxd4 b4 20. Rae3 Bb6 21. e5 Nd5 22. Re4 b3 23. Bb1 Bf5 24. Nxf5 dxe5 25. Nxe5 Ra1 26. Bxh6 gxh6 27. Nxh6+ Kh7 28. Qh5 Nf6 29.
Nhxf7+ Nxh5 30. Nxd8 Rxb1 31. Rxb1 Rxd8 32. Nxg6 Bxd4 33.
Nf8+ Rxf8 34. Rxd4 Nf4 35. Rxc4 Ne2+ 36. Kf1 Ng3+ 37.
Ke1 Re8+ 38. Kd2 Re2+ 39. Kc3 Rxf2 40. Rh4+ 1-0

[Event "*** Titled Tuesday 3|2 Blitz"]
[Site "Chess.com"]
[Date "2016.01.05"]
[Round "8"]
[White "Penguininja"]
[Black "Alliswell998"]
[Result "1-0"]
[WhiteElo "2148"]
[BlackElo "2062"]
[TimeControl "180+2"]
[EndTime "18:40:25 PST"]
[Termination "Penguininja won by resignation"]

1. Nf3 c5 2. d4 cxd4 3. Nxd4 Nf6 4. c4 b6 5. Nc3 Bb7 6. Qc2 g6 7. e4 d6 8. Be2 Nbd7 9. Be3 Bg7 10. O-O Rc8 11.
f3 O-O 12. Rac1 a6 13. Qd2 Re8 14. Rfd1 Qc7 15. Nc2 Qb8 16. Nb4 e6 17. Nc2 Bf8 18. Bf4 Ne5 19. b3 Nh5 20. Be3 Nd7 21. Na4 Bc6 22.
Nc3 Nhf6 23. Nb4 Bb7 24. Nc2 Nc5 25. Nd4 d5 26. cxd5 exd5 27. Bf4 Qa8 28. e5 Nh5 29. Bg5 Bg7 30. f4 h6 31. Bh4 Ne4 32. Nxe4 dxe4 33. Bxh5 e3 34. Qxe3 gxh5 35. Nf5 Rxc1 36. Rxc1 Be4 37.
Nd6 Bg6 38. Nxe8 Qxe8 39. Qxb6 Kh7 40. Bf6 Bxf6 41. Qxf6 Qa8 42. f5 Qa7+ 43. Kh1 Qd7 44.
fxg6+ fxg6 45. e6 Qd6 46. Qf7+ Kh8 47. Rc8+ Qf8 1-0

[Event "*** Titled Tuesday 3|2 Blitz"]
[Site "Chess.com"]
[Date "2016.01.05"]
[Round "8"]
[White "cool64chess"]
[Black "saraswathii"]
[Result "0-1"]
[WhiteElo "2220"]
[BlackElo "1952"]
[TimeControl "180+2"]
[EndTime "18:40:37 PST"]
[Termination "saraswathii won by resignation"]

1. d4 Nc6 2. Nf3 d5 3. e3 Bf5 4. Bb5 Qd6 5. O-O a6 6. Bd3 Bg6 7. c4 e6 8. cxd5 exd5 9. Nc3 Nf6 10. a4 Bh5 11. Be2 Be7 12. Nd2 Bg6 13. f4 Qd7 14.
Nf3 Ne4 15. Nxe4 dxe4 16. Ne5 Nxe5 17. fxe5 O-O 18. Bd2 c5 19. Bc3 Rad8 20. Qb3 Bg5 21. Ba5 cxd4 22. Bxd8 Bxe3+ 23. Kh1 Qxd8 24. Bc4 Qe7 25.
e6 f5 26. Bd5 Rb8 27. a5 d3 28. Rae1 Bc5 29. Rc1 h6 30. Qc4 Bd6 31. g4 Qh4 32.
e7+ Kh7 33. Bg8+ Rxg8 0-1

[Event "*** Titled Tuesday 3|2 Blitz"]
[Site "Chess.com"]
[Date "2016.01.05"]
[Round "8"]
[White "chess4life23"]
[Black "nfds"]
[Result "0-1"]
[WhiteElo "2170"]
[BlackElo "2338"]
[TimeControl "180+2"]
[EndTime "18:40:51 PST"]
[Termination "nfds won on time"]

1. e4 e5 2. Nf3 Nc6 3. Bb5 Nf6 4.
d3 d6 5. h3 g6 6. c3 Bg7 7. O-O O-O 8. Be3 Re8 9. Nbd2 d5 10.
Bg5 a6 11. Ba4 b5 12. Bc2 Be6 13. Re1 h6 14. Bh4 g5 15. Bg3 dxe4 16. dxe4 Nh5 17. Bh2 Nf4 18. Nb3 Qe7 19. Bxf4 gxf4 20. Kh1 Kh7 21.
Nh2 a5 22. Qh5 Rad8 23. Rad1 a4 24. Nc1 Na5 25. Ng4 Nc4 26. Nd3 f6 27. b3 Na3 28.
Bb1 Nxb1 29. Rxb1 Rxd3 30. bxa4 bxa4 31. a3 Bxg4 32. Qxg4 Qe6 33. Qh5 Rxc3 34. Rbc1 Rxc1 35. Rxc1 Re7 36. Rb1 Qf7 37. Qg4 Qg6 38. Qf3 f5 39.
exf5 Qxf5 40. Qd1 Rd7 41. Qxa4 f3 0-1

[Event "*** Titled Tuesday 3|2 Blitz"]
[Site "Chess.com"]
[Date "2016.01.05"]
[Round "8"]
[White "Piccadilly123"]
[Black "AdrianaNikolova"]
[Result "0-1"]
[WhiteElo "1730"]
[BlackElo "2138"]
[TimeControl "180+2"]
[EndTime "18:40:57 PST"]
[Termination "AdrianaNikolova won by checkmate"]

1. e4 c5 2. c3 Nf6 3. e5 Nd5 4. Nf3 e6 5. d4 cxd4 6. cxd4 b6 7. a3 Be7 8. Bd3 Ba6 9. O-O Bxd3 10. Qxd3 d6 11. Nbd2 Nd7 12. Ne4 dxe5 13. dxe5 Nc5 14. Nxc5 Bxc5 15. Bg5 Be7 16. Bxe7 Qxe7 17. Rac1 O-O 18.
Qe4 Rac8 19. h4 h6 20. Nd4 Qd7 21. Rfd1 Rxc1 22. Rxc1 Rc8 23. Qe1 Nf4 24. Rxc8+ Qxc8 25. Qd2 Ng6 26. Nf3 Qc7 27. Qc3 Qxc3 28. bxc3 h5 29. g3 Ne7 30. Nd4 Nd5 31. c4 Nc3 32. Nb5 Nb1 33. Kf1 Nd2+ 34. Ke2 Nxc4 35. f4 a6 36. Nc7 Nxa3 37. Nxa6 Nb5 38. Kd3 Na7 39. Kc4 Kh7 40. Kd4 Kg6 41. Ke4 Nc6 42. Nc7 Ne7 43.
Nb5 Nf5 44. Kf3 f6 45. Nd6 fxe5 46. fxe5 Nxd6 47. exd6 Kf6 48. Ke4 Kf7 49. Kd4 Ke8 50.
Kc4 Kd7 51. Kb5 Kxd6 52. Kxb6 e5 53. Kb5 Kd5 54. Kb4 Kd4 55. Kb5 e4 56. Kc6 e3 57.
Kd6 e2 58. Ke6 e1=Q+ 59. Kf7 Qxg3 60. Kg8 Ke5 61. Kh7 Kf6 62. Kh8 Qxh4 63. Kh7 Qa4 64. Kh8 g5 65. Kh7 g4 66. Kh6 h4 67. Kh5 g3 68.
Kh6 h3 69. Kh5 g2 70. Kh6 h2 71. Kh7 g1=Q 72. Kh8 h1=Q# 0-1

[Event "*** Titled Tuesday 3|2 Blitz"]
[Site "Chess.com"]
[Date "2016.01.05"]
[Round "8"]
[White "tac49"]
[Black "wonderfultime"]
[Result "0-1"]
[WhiteElo "2425"]
[BlackElo "2596"]
[TimeControl "180+2"]
[EndTime "18:41:04 PST"]
[Termination "wonderfultime won on time"]

1. e4 c5 2. Nf3 d6 3. d4 cxd4 4.
Nxd4 Nf6 5. Nc3 g6 6. Be3 Bg7 7. f3 O-O 8. Qd2 Nc6 9. Bc4 Bd7 10.
O-O-O Rc8 11. Bb3 Nxd4 12. Bxd4 b5 13. Nd5 Nxd5 14. Bxg7 Kxg7 15. exd5 a5 16. a3 Kg8 17. Rhe1 b4 18. axb4 axb4 19. Qxb4 Ra8 20. Re3 Re8 21. Kd2 Rb8 22. Qd4 Qa5+ 23. Qc3 Qa7 24. Ke1 Rec8 25. Qd4 Qa5+ 26. Kf2 Rb4 27. Qd2 Qb6 28.
Re1 Rd4 29. Qe2 Bb5 30. c4 Bxc4 31. Bxc4 Rdxc4 32. Kg3 Rc2 33. Qf1 Qxb2 34. Rxe7 Kg7 35. R1e2 Qf6 36. h4 R8c4 37. R7e4 Rxe4 38. Rxe4 Rd2 39.
Qb5 h5 40. Qb7 g5 41. Qd7 gxh4+ 42. Rxh4 Qg5+ 0-1

[Event "*** Titled Tuesday 3|2 Blitz"]
[Site "Chess.com"]
[Date "2016.01.05"]
[Round "8"]
[White "jcibarra"]
[Black "MinhGTrAn"]
[Result "1-0"]
[WhiteElo "2535"]
[BlackElo "2538"]
[TimeControl "180+2"]
[EndTime "18:41:49 PST"]
[Termination "jcibarra won on time"]

1. e4 e6 2. d4 d5 3. Nc3 Bb4 4. e5 b6 5. Qg4 g6 6. h4 h5 7. Qf3 Qd7 8. Bg5 Ba6 9. Ne2 Nc6 10. O-O-O Nge7 11. Bf6 Rg8 12. Nb1 Nf5 13. c3 Be7 14. Qf4 O-O-O 15. f3 Bxf6 16. exf6 Qd6 17. g4 Bxe2 18.
Qxd6 Nxd6 19. Bxe2 hxg4 20. fxg4 Ne4 21. g5 Nf2 22.
Nd2 Nxd1 23. Kxd1 Nb8 24. Nf3 c6 25. Ne5 Rdf8 26. Rg1 Kc7 27. h5 Nd7 28. hxg6 Nxe5 29. g7 Nd7 30. gxf8=Q Nxf8 31. Bh5 Ng6 32. Bxg6 Rxg6 33.
Ke2 Kd6 34. Kf3 Rg8 35. Kf4 Rh8 36. g6 fxg6 37. Rxg6 Rh1 38. Kg5 c5 39. Rg7 Rf1 40. Rxa7 cxd4 41. cxd4 e5 42. dxe5+ Kxe5 43. Re7+ Kd6 44.
Re8 d4 45. Kg6 Rg1+ 46. Kh7 Rf1 47. Kg7 Rg1+ 48. Kf8 Kd7 49. Re4 Rf1 50. f7 d3 51.
Rd4+ Ke6 52. Ke8 1-0

[Event "*** Titled Tuesday 3|2 Blitz"]
[Site "Chess.com"]
[Date "2016.01.05"]
[Round "8"]
[White "Hikaru"]
[Black "nijat_a"]
[Result "0-1"]
[WhiteElo "2874"]
[BlackElo "2741"]
[TimeControl "180+2"]
[EndTime "18:41:54 PST"]
[Termination "nijat_a won on time"]

1. d4 Nf6 2. Bf4 c5 3. e3 e6 4.
c3 Nc6 5. Nf3 d5 6. Nbd2 Be7 7.
Bd3 O-O 8. h3 b6 9. O-O Bb7 10.
a3 Re8 11. b4 Qc8 12. Qe2 Rd8 13. Rac1 c4 14. Bc2 b5 15. a4 a5 16. axb5 Na7 17.
bxa5 Nxb5 18. Ba4 Rxa5 19. Bxb5 Rxb5 20. Rb1 Ra5 21. Ne5 Ra3 22. Rfc1 Nd7 23. Nxd7 Qxd7 24. Nf3 f6 25. Rb6 Rda8 26. Qb2 Bc6 27. Rb1 Kf7 28. Qc2 g6 29. g4 Bd8 30. g5 Bxb6 31. Rxb6 Ra2 32. Qd1 Ba4 33. Qf1 Qa7 34. Rd6 Bc2 35.
Qg2 Be4 36. gxf6 Bxf3 37. Qxf3 Ra6 38. Kg2 Qb7 39. Qg3 Rxd6 40. Bxd6 Qb1 41. Bb4 Qe4+ 42.
Kh2 Kxf6 43. Qc7 g5 44. Bd6 Kg6 45. Be5 Qf5 46. Kg3 Ra1 47. f4 Rg1+ 48. Kh2 Re1 0-1

[Event "*** Titled Tuesday 3|2 Blitz"]
[Site "Chess.com"]
[Date "2016.01.05"]
[Round "8"]
[White "Gabrielian_Artur"]
[Black "LADIESGET2KNOWME"]
[Result "1-0"]
[WhiteElo "2468"]
[BlackElo "2291"]
[TimeControl "180+2"]
[EndTime "18:42:17 PST"]
[Termination "Gabrielian_Artur won by checkmate"]

1. e4 e6 2. d3 d5 3. Nd2 Nf6 4. g3 Bc5 5. Bg2 dxe4 6. dxe4 e5 7. Ngf3 Nc6 8. O-O O-O 9. c3 a5 10. a4 b6 11. Nc4 Ba6 12. Qe2 Qe7 13. b3 Qe6 14. h3 h6 15. Nh4 Ne7 16. Kh2 Rad8 17. Bb2 Rd7 18. Rad1 Rfd8 19. Rxd7 Qxd7 20. Nf3 Nc6 21.
Re1 Qe6 22. Bf1 Bxc4 23. bxc4 Qd7 24. Bc1 Qd6 25. Nh4 Ne7 26. Nf5 Qd7 27. Nxe7+ Bxe7 28. Qc2 Bc5 29. Kg2 Qd6 30. Be2 Qe7 31. Bf3 Rd6 32.
Rd1 Qd7 33. Rxd6 Qxd6 34. h4 Ba3 35. Bd2 Bc5 36. g4 Nd7 37. g5 hxg5 38. hxg5 Nf8 39. Bg4 Ne6 40. Bc1 Qe7 41. g6 fxg6 42. Qd3 Nf4+ 43.
Bxf4 exf4 44. Qd5+ Kh7 45. e5 Qh4 46. Qf3 Bxf2 47.
Qxf4 Bc5 48. e6 Bd6 49. Qe4 Qg3+ 50. Kf1 Qxc3 51. e7 Bxe7 52. Qh1+ Kg8 53. Be6+ Kf8 54. Qa8+ Bd8 55. Qxd8# 1-0

[Event "*** Titled Tuesday 3|2 Blitz"]
[Site "Chess.com"]
[Date "2016.01.05"]
[Round "8"]
[White "Quiet_Desperation"]
[Black "MasterLeif"]
[Result "1-0"]
[WhiteElo "2125"]
[BlackElo "2323"]
[TimeControl "180+2"]
[EndTime "18:43:15 PST"]
[Termination "Quiet_Desperation won by checkmate"]

1. e4 e5 2. Nf3 Nc6 3. Bb5 Nd4 4. Nxd4 exd4 5. O-O c6 6. Bd3 d5 7. exd5 Qxd5 8. Re1+ Be6 9. Be4 Qd7 10. Bf5 O-O-O 11. Bxe6 fxe6 12. d3 Nf6 13. Nd2 Bd6 14. Nc4 Bc7 15.
Bg5 Rhf8 16. Qe2 Rde8 17. a4 h6 18. Bh4 Nd5 19. Ne5 Qd6 20. Bg3 Qd8 21. Qg4 Qf6 22. Nf3 Bxg3 23. hxg3 c5 24. Re2 Re7 25. Rae1 Rfe8 26.
Ne5 Qf5 27. Qh4 Kb8 28. a5 a6 29. Nc4 Qf6 30. Qg4 e5 31. Qe4 Nb4 32. Nb6 Qd6 33. Qg4 g5 34. Qf5 Qe6 35. Qe4 Qc6 36. Qg4 Ka7 37. Qf5 Nd5 38. Rxe5 Rxe5 39. Rxe5 Rxe5 40. Qxe5 Nxb6 41. axb6+ Qxb6 42. b3 a5 43. Qe8 Qc7 44. Qb5 b6 45. Qc4 Qe7 46. Kf1 h5 47. Qg8 g4 48.
Qg6 Qe5 49. Qf7+ Ka6 50. Qf8 Kb5 51. Qf4 Qe7 52. Qb8 Qe6 53. Qf4 Kb4 54. Qd2+ Kb5 55. Qe2 Qc6 56. f3 Qd7 57. f4 a4 58. bxa4+ Kxa4 59. Qf2 b5 60. f5 Qf7 61. Qf4 b4 62. f6 Ka3 63. Qe5 Kb2 64. Qe7 Qd5 65. f7 Qf5+ 66. Kg1 b3 67. cxb3 Qxd3 68. f8=Q Qd1+ 69.
Qf1 Qxb3 70. Qee2+ Ka3 71. Qa1+ Kb4 72. Qd2+ Kb5 73.
Qaa5+ Kc6 74. Qh6+ Kd5 75. Qxh5+ Ke4 76. Qxg4+ Ke3 77.
Qf3# 1-0

[Event "*** Titled Tuesday 3|2 Blitz"]
[Site "Chess.com"]
[Date "2016.01.05"]
[Round "8"]
[White "DeviatkinAndrey"]
[Black "AlexanderL"]
[Result "0-1"]
[WhiteElo "2471"]
[BlackElo "2601"]
[TimeControl "180+2"]
[EndTime "18:43:36 PST"]
[Termination "AlexanderL won by resignation"]

1. e4 e6 2. Qe2 e5 3. Nf3 Nc6 4. g3 Bc5 5. Bg2 Nf6 6. d3 O-O 7. O-O Re8 8. Nbd2 a5 9. a4 d6 10.
h3 d5 11. Nb3 Bb6 12. Bg5 dxe4 13. dxe4 h6 14. Be3 Bxe3 15. Qxe3 Qe7 16. Rfd1 b6 17.
c3 Be6 18. Nbd2 Nd7 19. Bf1 Nc5 20. Kg2 Rad8 21. Bb5 Bd7 22. Bc4 Bc8 23. Bb5 Bd7 24.
Bc4 Rf8 25. Nh4 Kh7 26. Nb3 Nxb3 27. Bxb3 g6 28. Rd2 Be6 29. Bxe6 Qxe6 30. Rad1 Rxd2 31.
Qxd2 Rd8 32. Qe2 Kg7 33. Rxd8 Nxd8 34. Nf3 Nb7 35. Qc2 Nd6 36. b3 f5 37. Nd2 h5 38.
exf5 gxf5 39. Qd3 Kg6 40. h4 Kf6 41. c4 Qc8 42. Qe3 Nf7 43. Nf3 f4 44. Qe4 fxg3 45. fxg3 Qd7 46. Qh7 Qf5 47. Qg8 Qc2+ 48. Kh3 Qxb3 49.
Ng5 Qxc4 50. Nh7+ Kf5 51. Qc8+ Qe6 52. Qxc7 Kg6+ 53. Kh2 Kxh7 54. Qc2+ e4 55. Kg2 Kg6 56. Qc3 Nh6 57. Qe3 Nf7 58. Kh2 Qa2+ 59. Kh3 Qxa4 60.
Qxb6+ Kg7 61. Qb2+ Kf8 62. Qb8+ Qe8 63. Qf4 Qe6+ 64.
Kg2 e3 65. Kf1 Qe5 66. Qc4 Qf5+ 67. Kg2 Qf2+ 68. Kh3 e2 69. Qc8+ Kg7 70. Qc3+ Qf6 71. Qe3 Qf1+ 72. Kh2 e1=Q 73. Qd4+ Qf6 0-1